2203 views
Uploaded 2023-08-04 01:26:38
Game version 1.36 (6115)
20:36 long 3on3 ladder game on (6)Guardians
Saved by Cabeelibob
2203 views
Uploaded 2023-08-04 01:26:38
Game version 1.36 (6115)
20:36 long 3on3 ladder game on (6)Guardians


80 units @ 7.1k
/ 0.8k
109 buildings @ 7.1k
/ 3.5k



| Potion of Invulnerability | 1 | 400 |
| Cloak of Shadows | 1 | 100 |
| total: | 2 | 500g |
| Peasant | 19 | 1425 | / | 0 |
| Mortar Team | 1 | 180 | / | 70 |
| Flying Machine | 19 | 1900 | / | 570 |
| total: | 39 | 3505g | / | 640w |
| Scout Tower | 20 | 600 | / | 400 |
| Arcane Tower | 1 | 70 | / | 50 |
| Guard Tower | 14 | 980 | / | 700 |
| Altar of Kings | 1 | 180 | / | 50 |
| Farm | 12 | 960 | / | 240 |
| Lumber Mill | 1 | 120 | / | 0 |
| Town Hall | 1 | 385 | / | 205 |
| Blacksmith | 1 | 140 | / | 60 |
| Workshop | 2 | 280 | / | 280 |
| Keep | 1 | 320 | / | 210 |
| Castle | 1 | 360 | / | 210 |
| total: | 38 | 2665g | / | 1235w |
| 0:01 | Peasant |
| 0:06 | Altar of Kings |
| 0:07 | Peasant |
| 0:18 | Farm |
| 0:19 | Peasant |
| 0:33 | Lumber Mill |
| 0:34 | Peasant |
| 0:48 | Peasant |
| 0:50 | Farm |
| 1:09 | Scout Tower |
| 1:14 | Peasant |
| 1:24 | Peasant |
| 1:35 | Arcane Tower |
| 1:40 | Peasant |
| 1:44 | Farm |
| 1:45 | Farm |
| 1:53 | Peasant |
| 1:57 | Improved Lumber Harvesting |
| 2:03 | Improved Masonry |
| 2:12 | Storm Bolt |
| 2:52 | Peasant |
| 2:52 | Peasant |
| 3:05 | Scout Tower |
| 3:08 | Scout Tower |
| 3:22 | Town Hall |
| 3:33 | Peasant |
| 3:33 | Peasant |
| 3:35 | Scout Tower |
| 3:36 | Scout Tower |
| 3:40 | Guard Tower |
| 3:44 | Scout Tower |
| 3:45 | Scout Tower |
| 4:03 | Guard Tower |
| 4:11 | Guard Tower |
| 4:14 | Scout Tower |
| 4:16 | Scout Tower |
| 4:18 | Scout Tower |
| 4:35 | Guard Tower |
| 4:37 | Peasant |
| 4:37 | Peasant |
| 4:39 | Scout Tower |
| 4:46 | Guard Tower |
| 4:48 | Scout Tower |
| 4:49 | Scout Tower |
| 5:11 | Guard Tower |
| 5:24 | Keep |
| 5:26 | Peasant |
| 5:26 | Peasant |
| 5:31 | Bash |
| 5:32 | Bash |
| 5:34 | Guard Tower |
| 5:44 | Blacksmith |
| 5:49 | Peasant |
| 6:22 | Guard Tower |
| 6:26 | Scout Tower |
| 6:26 | Scout Tower |
| 6:33 | Guard Tower |
| 6:34 | Peasant |
| 7:40 | Guard Tower |
| 8:02 | Castle |
| 9:03 | Advanced Lumber Harvesting |
| 9:03 | Advanced Masonry |
| 9:06 | Black Gunpowder |
| 9:11 | Scout Tower |
| 9:43 | Workshop |
| 9:50 | Workshop |
| 9:56 | Scout Tower |
| 9:57 | Guard Tower |
| 10:14 | Scout Tower |
| 10:15 | Scout Tower |
| 10:21 | Scout Tower |
| 10:29 | Holy Light |
| 10:41 | Guard Tower |
| 10:43 | Refined Gunpowder |
| 10:45 | Guard Tower |
| 10:51 | Guard Tower |
| 10:56 | Flak Cannons |
| 10:56 | Flare |
| 10:56 | Flying Machine Bombs |
| 10:56 | Fragmentation Shards |
| 12:03 | Farm |
| 12:05 | Farm |
| 12:10 | Farm |
| 12:10 | Farm |
| 12:17 | Imbued Gunpowder |
| 12:18 | Mortar Team |
| 12:24 | Imbued Masonry |
| 12:53 | Flying Machine |
| 12:53 | Flying Machine |
| 12:53 | Flying Machine |
| 12:53 | Flying Machine |
| 12:53 | Flying Machine |
| 13:51 | Iron Plating |
| 14:52 | Flying Machine |
| 14:53 | Flying Machine |
| 14:53 | Flying Machine |
| 14:53 | Flying Machine |
| 14:53 | Flying Machine |
| 14:53 | Flying Machine |
| 14:54 | Flying Machine |
| 15:04 | Potion of Invulnerability |
| 15:06 | Cloak of Shadows |
| 15:44 | Farm |
| 15:46 | Farm |
| 15:52 | Farm |
| 15:54 | Farm |
| 16:15 | Flying Machine |
| 16:15 | Flying Machine |
| 16:15 | Flying Machine |
| 16:17 | Steel Plating |
| 16:39 | Flying Machine |
| 16:39 | Flying Machine |
| 16:40 | Flying Machine |
| 16:40 | Flying Machine |
| 18:36 | Holy Light |
| 18:37 | Divine Shield |
| 18:48 | Storm Bolt |
| 18:50 | Storm Bolt |
| 19:37 | Holy Light |
| 19:47 | Blizzard |
| Right click | 927 |
| Select group | 329 |
| Select | 243 |
| Build/train/purchase | 95 |
| Misc. action | 69 |
| Use ability | 40 |
| Assign group | 7 |
| Minimap ping | 6 |
GIGA
(207)
(20:35) : 
| Healing Salve | 3 | 300 |
| Lesser Clarity Potion | 4 | 280 |
| Potion of Mana | 3 | 600 |
| Orb of Lightning | 1 | 375 |
| Tiny Great Hall | 2 | 1200 |
| Boots of Speed | 1 | 250 |
| Staff of Teleportation | 1 | 150 |
| Ring of the Archmagi | 1 | 0 |
| total: | 16 | 3155g |
| Peon | 20 | 1500 | / | 0 |
| Troll Witch Doctor | 4 | 580 | / | 100 |
| total: | 24 | 2080g | / | 100w |
| Watch Tower | 9 | 990 | / | 720 |
| Altar of Storms | 1 | 180 | / | 50 |
| Orc Burrow | 2 | 320 | / | 80 |
| Voodoo Lounge | 1 | 130 | / | 30 |
| War Mill | 1 | 205 | / | 0 |
| Spirit Lodge | 1 | 150 | / | 150 |
| Stronghold | 1 | 315 | / | 190 |
| Fortress | 1 | 325 | / | 190 |
| total: | 15 | 1975g | / | 1030w |
| 0:04 | Peon |
| 0:04 | Peon |
| 0:12 | Altar of Storms |
| 0:15 | Orc Burrow |
| 0:18 | Peon |
| 0:24 | Peon |
| 0:40 | Peon |
| 0:53 | Voodoo Lounge |
| 0:55 | Peon |
| 1:15 | War Mill |
| 1:27 | Peon |
| 1:51 | Peon |
| 1:51 | Peon |
| 2:00 | Peon |
| 2:13 | Orc Burrow |
| 2:15 | Healing Salve |
| 2:17 | Lesser Clarity Potion |
| 2:24 | Peon |
| 2:32 | Peon |
| 2:44 | Wind Walk |
| 4:07 | Peon |
| 4:07 | Peon |
| 4:07 | Peon |
| 5:10 | Peon |
| 5:10 | Peon |
| 5:17 | Boots of Speed |
| 5:17 | Staff of Teleportation |
| 5:28 | Stronghold |
| 5:31 | Watch Tower |
| 5:31 | Watch Tower |
| 5:32 | Watch Tower |
| 6:27 | Critical Strike |
| 6:54 | Watch Tower |
| 6:56 | Watch Tower |
| 7:49 | Watch Tower |
| 7:49 | Watch Tower |
| 7:50 | Reinforced Defenses |
| 7:59 | Lesser Clarity Potion |
| 8:01 | Potion of Mana |
| 8:07 | Healing Salve |
| 9:25 | Fortress |
| 9:30 | Spirit Lodge |
| 9:34 | Spiked Barricades |
| 10:47 | Witch Doctor Adept Training |
| 10:48 | Troll Witch Doctor |
| 10:48 | Troll Witch Doctor |
| 11:04 | Improved Spiked Barricades |
| 12:01 | Witch Doctor Master Training |
| 12:01 | Troll Witch Doctor |
| 12:01 | Troll Witch Doctor |
| 13:23 | Healing Salve |
| 13:28 | Lesser Clarity Potion |
| 13:31 | Potion of Mana |
| 13:37 | Orb of Lightning |
| 13:46 | Tiny Great Hall |
| 14:40 | Ring of the Archmagi |
| 17:42 | Critical Strike |
| 17:43 | Wind Walk |
| 17:53 | Lesser Clarity Potion |
| 17:56 | Potion of Mana |
| 17:59 | Tiny Great Hall |
| 18:16 | Watch Tower |
| 18:17 | Watch Tower |
| 18:33 | Peon |
| 18:33 | Peon |
| 18:33 | Peon |
| 20:13 | Holy Light |
| Right click | 1237 |
| Select | 222 |
| Build/train/purchase | 112 |
| Resource trade | 48 |
| Chat | 34 |
| Select group | 20 |
| Use ability | 18 |
| Minimap ping | 8 |
| Item give/drop | 7 |
| Assign group | 4 |
| Misc. action | 2 |
| Esc | 2 |
| Remove unit | 1 |



| Peasant | 15 | 1125 | / | 0 |
| Dragonhawk Rider | 2 | 400 | / | 60 |
| total: | 17 | 1525g | / | 60w |
| Scout Tower | 47 | 1410 | / | 940 |
| Arcane Tower | 4 | 280 | / | 200 |
| Guard Tower | 35 | 2450 | / | 1750 |
| Altar of Kings | 1 | 180 | / | 50 |
| Farm | 4 | 320 | / | 80 |
| Lumber Mill | 2 | 240 | / | 0 |
| Arcane Vault | 1 | 130 | / | 30 |
| Gryphon Aviary | 1 | 140 | / | 150 |
| Keep | 1 | 320 | / | 210 |
| Castle | 1 | 360 | / | 210 |
| total: | 56 | 2420g | / | 1250w |
| 0:03 | Altar of Kings |
| 0:07 | Farm |
| 0:07 | Peasant |
| 0:17 | Peasant |
| 0:41 | Peasant |
| 0:47 | Lumber Mill |
| 1:00 | Peasant |
| 1:16 | Peasant |
| 1:29 | Farm |
| 1:35 | Peasant |
| 1:47 | Peasant |
| 1:51 | Scout Tower |
| 1:53 | Scout Tower |
| 1:55 | Improved Lumber Harvesting |
| 1:56 | Peasant |
| 2:20 | Arcane Tower |
| 2:21 | Peasant |
| 2:25 | Scout Tower |
| 2:28 | Storm Bolt |
| 2:45 | Peasant |
| 2:45 | Peasant |
| 3:07 | Scout Tower |
| 3:08 | Scout Tower |
| 3:12 | Scout Tower |
| 3:19 | Farm |
| 3:21 | Guard Tower |
| 3:25 | Scout Tower |
| 3:26 | Scout Tower |
| 3:34 | Improved Masonry |
| 3:37 | Guard Tower |
| 3:39 | Guard Tower |
| 3:51 | Scout Tower |
| 3:55 | Scout Tower |
| 4:00 | Guard Tower |
| 4:03 | Peasant |
| 4:03 | Peasant |
| 4:03 | Peasant |
| 4:04 | Peasant |
| 4:07 | Guard Tower |
| 4:11 | Scout Tower |
| 4:29 | Scout Tower |
| 4:31 | Guard Tower |
| 4:32 | Guard Tower |
| 4:43 | Scout Tower |
| 4:43 | Scout Tower |
| 4:53 | Guard Tower |
| 5:02 | Guard Tower |
| 5:12 | Scout Tower |
| 5:26 | Guard Tower |
| 5:37 | Scout Tower |
| 5:38 | Guard Tower |
| 5:41 | Keep |
| 5:48 | Scout Tower |
| 5:49 | Scout Tower |
| 5:56 | Guard Tower |
| 6:03 | Guard Tower |
| 6:13 | Scout Tower |
| 6:17 | Scout Tower |
| 6:28 | Guard Tower |
| 6:34 | Guard Tower |
| 6:45 | Scout Tower |
| 6:45 | Scout Tower |
| 6:51 | Guard Tower |
| 6:54 | Scout Tower |
| 6:57 | Scout Tower |
| 7:03 | Guard Tower |
| 7:31 | Guard Tower |
| 7:32 | Guard Tower |
| 7:37 | Scout Tower |
| 7:45 | Scout Tower |
| 8:07 | Guard Tower |
| 8:13 | Scout Tower |
| 8:17 | Guard Tower |
| 8:24 | Guard Tower |
| 8:25 | Advanced Masonry |
| 8:26 | Castle |
| 8:34 | Scout Tower |
| 8:36 | Scout Tower |
| 8:52 | Guard Tower |
| 8:55 | Scout Tower |
| 8:58 | Scout Tower |
| 9:02 | Arcane Tower |
| 9:15 | Gryphon Aviary |
| 9:21 | Arcane Vault |
| 9:27 | Arcane Tower |
| 9:29 | Scout Tower |
| 9:36 | Scout Tower |
| 9:38 | Guard Tower |
| 9:45 | Guard Tower |
| 10:06 | Guard Tower |
| 10:17 | Scout Tower |
| 10:23 | Divine Shield |
| 10:43 | Guard Tower |
| 10:59 | Imbued Masonry |
| 11:05 | Guard Tower |
| 11:28 | Cloud |
| 11:34 | Scout Tower |
| 11:37 | Scout Tower |
| 12:00 | Dragonhawk Rider |
| 12:00 | Dragonhawk Rider |
| 12:20 | Farm |
| 12:32 | Arcane Tower |
| 12:38 | Scout Tower |
| 12:43 | Scout Tower |
| 13:07 | Lumber Mill |
| 13:41 | Guard Tower |
| 13:45 | Scout Tower |
| 13:52 | Brilliance Aura |
| 15:09 | Guard Tower |
| 15:12 | Scout Tower |
| 15:17 | Scout Tower |
| 15:20 | Scout Tower |
| 15:26 | Scout Tower |
| 15:33 | Scout Tower |
| 15:41 | Scout Tower |
| 15:49 | Scout Tower |
| 15:59 | Scout Tower |
| 16:01 | Guard Tower |
| 16:04 | Guard Tower |
| 16:54 | Guard Tower |
| 16:57 | Guard Tower |
| 18:25 | Guard Tower |
| Right click | 469 |
| Select group | 315 |
| Select | 251 |
| Build/train/purchase | 76 |
| Assign group | 15 |
| Misc. action | 11 |
| Resource trade | 10 |
| Use ability | 7 |
| Chat | 6 |
| Esc | 1 |
| Minimap ping | 1 |
126 units @ 15.9k
/ 2.1k
58 buildings @ 9.7k
/ 4.7k


| Potion of Mana | 1 | 200 |
| Potion of Healing | 1 | 150 |
| Dust of Appearance | 3 | 225 |
| Scroll of Town Portal | 1 | 350 |
| total: | 6 | 925g |
| Wisp | 22 | 1320 | / | 0 |
| Archer | 12 | 1560 | / | 120 |
| Hippogryph | 4 | 640 | / | 80 |
| Glaive Thrower | 4 | 840 | / | 260 |
| Druid of the Talon | 2 | 290 | / | 40 |
| total: | 44 | 4650g | / | 500w |
| Moon Well | 7 | 1260 | / | 280 |
| Altar of Elders | 1 | 180 | / | 50 |
| Ancient of War | 1 | 150 | / | 60 |
| Ancient of Wonders | 1 | 90 | / | 30 |
| Tree of Life | 1 | 340 | / | 185 |
| Hunter's Hall | 1 | 210 | / | 100 |
| Ancient of Wind | 2 | 300 | / | 280 |
| Chimaera Roost | 1 | 140 | / | 190 |
| Tree of Ages | 1 | 320 | / | 180 |
| Tree of Eternity | 1 | 330 | / | 200 |
| total: | 15 | 2670g | / | 1175w |
| 0:02 | Wisp |
| 0:02 | Wisp |
| 0:02 | Wisp |
| 0:13 | Moon Well |
| 0:18 | Altar of Elders |
| 0:32 | Ancient of War |
| 0:43 | Wisp |
| 0:43 | Wisp |
| 1:12 | Wisp |
| 1:12 | Wisp |
| 1:22 | Moon Well |
| 1:26 | Wisp |
| 1:35 | Archer |
| 1:51 | Wisp |
| 1:54 | Archer |
| 2:02 | Ancient of Wonders |
| 2:17 | Force of Nature |
| 2:22 | Archer |
| 2:52 | Archer |
| 2:53 | Wisp |
| 2:53 | Wisp |
| 3:12 | Tree of Ages |
| 3:30 | Moon Well |
| 3:52 | Dust of Appearance |
| 4:02 | Moon Well |
| 4:19 | Entangling Roots |
| 4:21 | Archer |
| 4:21 | Archer |
| 5:20 | Tree of Life |
| 5:31 | Moon Well |
| 5:35 | Ancient of Wind |
| 6:17 | Entangling Roots |
| 6:27 | Ancient of Wind |
| 6:29 | Wisp |
| 6:29 | Wisp |
| 6:29 | Wisp |
| 6:47 | Dust of Appearance |
| 8:04 | Hippogryph |
| 8:05 | Archer |
| 8:05 | Archer |
| 8:06 | Wisp |
| 8:07 | Wisp |
| 8:27 | Wisp |
| 8:27 | Wisp |
| 8:27 | Wisp |
| 8:27 | Wisp |
| 8:27 | Wisp |
| 8:52 | Scroll of Town Portal |
| 8:52 | Potion of Mana |
| 8:55 | Potion of Healing |
| 8:59 | Archer |
| 9:00 | Hippogryph |
| 9:33 | Archer |
| 9:33 | Archer |
| 9:34 | Hippogryph |
| 9:38 | Wisp |
| 10:01 | Improved Bows |
| 10:41 | Hippogryph |
| 11:00 | Tree of Eternity |
| 11:19 | Moon Well |
| 11:21 | Moon Well |
| 11:30 | Shadow Strike |
| 11:47 | Hunter's Hall |
| 12:06 | Druid of the Talon Adept Training |
| 12:14 | Force of Nature |
| 12:57 | Vorpal Blades |
| 12:57 | Glaive Thrower |
| 13:03 | Archer |
| 13:11 | Strength of the Moon |
| 13:55 | Well Spring |
| 13:57 | Nature's Blessing |
| 14:02 | Druid of the Talon Master Training |
| 14:02 | Druid of the Talon |
| 14:03 | Druid of the Talon |
| 14:06 | Glaive Thrower |
| 14:06 | Glaive Thrower |
| 14:50 | Chimaera Roost |
| 15:44 | Glaive Thrower |
| 15:45 | Dust of Appearance |
| 16:10 | Improved Strength of the Moon |
| Right click | 905 |
| Select group | 574 |
| Select | 318 |
| Assign group | 146 |
| Build/train/purchase | 118 |
| Use ability | 47 |
| Minimap ping | 28 |
| Misc. action | 4 |
| Remove unit | 4 |


| Potion of Healing | 2 | 300 |
| Scroll of Town Portal | 2 | 700 |
| Boots of Speed | 2 | 500 |
| total: | 6 | 1500g |
| Acolyte | 10 | 750 | / | 0 |
| Ghoul | 5 | 600 | / | 0 |
| Crypt Fiend | 7 | 1505 | / | 280 |
| Obsidian Statue | 4 | 800 | / | 140 |
| Frost Wyrm | 3 | 1155 | / | 360 |
| Gargoyle | 3 | 525 | / | 90 |
| Meat Wagon | 1 | 230 | / | 50 |
| total: | 33 | 5565g | / | 920w |
| Nerubian Tower | 5 | 500 | / | 100 |
| Spirit Tower | 4 | 580 | / | 160 |
| Crypt | 1 | 200 | / | 50 |
| Altar of Darkness | 1 | 180 | / | 50 |
| Ziggurat | 11 | 1650 | / | 550 |
| Graveyard | 1 | 215 | / | 0 |
| Tomb of Relics | 1 | 130 | / | 30 |
| Necropolis | 1 | 225 | / | 0 |
| Slaughterhouse | 1 | 140 | / | 135 |
| Sacrificial Pit | 1 | 75 | / | 150 |
| Boneyard | 3 | 525 | / | 600 |
| Halls of the Dead | 1 | 320 | / | 210 |
| Black Citadel | 1 | 325 | / | 230 |
| total: | 21 | 3340g | / | 1565w |
| 0:04 | Acolyte |
| 0:05 | Acolyte |
| 0:05 | Acolyte |
| 0:25 | Crypt |
| 0:54 | Altar of Darkness |
| 0:56 | Ziggurat |
| 1:16 | Graveyard |
| 1:29 | Ghoul |
| 1:34 | Ziggurat |
| 1:47 | Ziggurat |
| 2:07 | Tomb of Relics |
| 2:17 | Ghoul |
| 2:27 | Ghoul |
| 2:42 | Ghoul |
| 2:53 | Carrion Beetles |
| 3:06 | Ghoul |
| 3:18 | Acolyte |
| 3:39 | Acolyte |
| 3:40 | Acolyte |
| 4:13 | Acolyte |
| 4:13 | Acolyte |
| 4:35 | Nerubian Tower |
| 4:48 | Ziggurat |
| 5:01 | Ziggurat |
| 5:09 | Ziggurat |
| 5:29 | Halls of the Dead |
| 5:44 | Ziggurat |
| 5:46 | Ziggurat |
| 5:58 | Ziggurat |
| 6:02 | Ziggurat |
| 6:07 | Nerubian Tower |
| 6:21 | Crypt Fiend |
| 6:30 | Necropolis |
| 6:34 | Ziggurat |
| 7:02 | Nerubian Tower |
| 7:09 | Spirit Tower |
| 7:27 | Crypt Fiend |
| 7:42 | Impale |
| 8:07 | Black Citadel |
| 8:11 | Slaughterhouse |
| 8:13 | Nerubian Tower |
| 8:14 | Spirit Tower |
| 8:44 | Web |
| 9:05 | Potion of Healing |
| 9:06 | Scroll of Town Portal |
| 9:14 | Potion of Healing |
| 9:14 | Scroll of Town Portal |
| 9:20 | Crypt Fiend |
| 9:22 | Obsidian Statue |
| 9:33 | Creature Attack |
| 9:35 | Creature Carapace |
| 9:39 | Crypt Fiend |
| 9:45 | Nerubian Tower |
| 9:50 | Spirit Tower |
| 10:10 | Boots of Speed |
| 10:12 | Boots of Speed |
| 10:15 | Death Coil |
| 10:25 | Crypt Fiend |
| 11:05 | Boneyard |
| 11:07 | Boneyard |
| 11:08 | Boneyard |
| 11:53 | Improved Creature Carapace |
| 12:14 | Carrion Beetles |
| 12:26 | Freezing Breath |
| 12:28 | Frost Wyrm |
| 12:30 | Obsidian Statue |
| 12:31 | Crypt Fiend |
| 13:10 | Unholy Aura |
| 13:31 | Frost Wyrm |
| 13:34 | Frost Wyrm |
| 14:13 | Obsidian Statue |
| 14:16 | Acolyte |
| 14:20 | Sacrificial Pit |
| 15:12 | Death Coil |
| 15:25 | Acolyte |
| 15:45 | Impale |
| 16:42 | Advanced Creature Carapace |
| 16:42 | Improved Creature Attack |
| 17:43 | Gargoyle |
| 18:02 | Obsidian Statue |
| 18:08 | Meat Wagon |
| 18:09 | Gargoyle |
| 18:09 | Gargoyle |
| 19:01 | Crypt Fiend |
| 19:04 | Spirit Tower |
| Right click | 916 |
| Select group | 438 |
| Select | 223 |
| Build/train/purchase | 75 |
| Assign group | 39 |
| Use ability | 13 |
| Misc. action | 2 |
| Item give/drop | 2 |
| Minimap ping | 1 |


| Lesser Clarity Potion | 1 | 70 |
| Staff of Preservation | 1 | 150 |
| Scroll of Town Portal | 1 | 350 |
| Potion of Lesser Invulnerability | 1 | 150 |
| total: | 4 | 720g |
| Wisp | 27 | 1620 | / | 0 |
| Archer | 9 | 1170 | / | 90 |
| Mountain Giant | 1 | 350 | / | 100 |
| Druid of the Talon | 2 | 290 | / | 40 |
| Dryad | 2 | 290 | / | 120 |
| Chimaera | 4 | 1320 | / | 280 |
| Hippogryph | 4 | 640 | / | 80 |
| total: | 49 | 5680g | / | 710w |
| Ancient Protector | 4 | 540 | / | 320 |
| Altar of Elders | 1 | 180 | / | 50 |
| Moon Well | 7 | 1260 | / | 280 |
| Ancient of War | 1 | 150 | / | 60 |
| Hunter's Hall | 1 | 210 | / | 100 |
| Ancient of Wonders | 1 | 90 | / | 30 |
| Tree of Life | 1 | 340 | / | 185 |
| Ancient of Wind | 2 | 300 | / | 280 |
| Ancient of Lore | 2 | 310 | / | 290 |
| Chimaera Roost | 2 | 280 | / | 380 |
| Tree of Ages | 1 | 320 | / | 180 |
| Tree of Eternity | 1 | 330 | / | 200 |
| total: | 22 | 3660g | / | 1975w |
| 0:02 | Wisp |
| 0:02 | Wisp |
| 0:07 | Altar of Elders |
| 0:17 | Moon Well |
| 0:26 | Wisp |
| 0:32 | Ancient of War |
| 0:37 | Wisp |
| 0:47 | Wisp |
| 0:56 | Wisp |
| 0:59 | Wisp |
| 1:22 | Wisp |
| 1:33 | Moon Well |
| 1:34 | Archer |
| 1:51 | Moon Well |
| 1:57 | Archer |
| 2:26 | Breath of Fire |
| 2:29 | Wisp |
| 2:30 | Archer |
| 2:31 | Wisp |
| 2:47 | Moon Well |
| 3:01 | Archer |
| 3:54 | Tree of Ages |
| 3:56 | Hunter's Hall |
| 4:11 | Moon Well |
| 4:25 | Drunken Brawler |
| 4:41 | Archer |
| 4:44 | Ancient of Wonders |
| 5:11 | Strength of the Moon |
| 5:46 | Moon Well |
| 5:49 | Moon Well |
| 6:03 | Archer |
| 6:23 | Breath of Fire |
| 6:40 | Ancient of Wind |
| 6:41 | Wisp |
| 6:41 | Wisp |
| 6:42 | Wisp |
| 6:42 | Wisp |
| 6:44 | Ancient of Wind |
| 6:49 | Ancient of Lore |
| 7:26 | Archer |
| 7:38 | Archer |
| 8:05 | Archer |
| 8:22 | Mountain Giant |
| 8:23 | Tree of Eternity |
| 8:51 | Lesser Clarity Potion |
| 8:57 | Druid of the Talon Adept Training |
| 8:57 | Druid of the Talon |
| 9:03 | Scroll of Town Portal |
| 9:05 | Staff of Preservation |
| 9:32 | Dryad |
| 9:34 | Druid of the Talon |
| 9:45 | Reinforced Hides |
| 10:46 | Druid of the Talon Master Training |
| 10:49 | Hardened Skin |
| 10:49 | Resistant Skin |
| 10:50 | Well Spring |
| 11:01 | Ultravision |
| 11:02 | Improved Reinforced Hides |
| 11:26 | Abolish Magic |
| 11:47 | Marksmanship |
| 11:50 | Nature's Blessing |
| 12:06 | Mark of the Talon |
| 12:22 | Drunken Haze |
| 12:30 | Tree of Life |
| 12:41 | Wisp |
| 12:41 | Wisp |
| 13:09 | Druid of the Claw Adept Training |
| 13:19 | Potion of Lesser Invulnerability |
| 13:28 | Ancient Protector |
| 13:29 | Wisp |
| 13:29 | Wisp |
| 13:35 | Cluster Rockets |
| 13:50 | Strength of the Wild |
| 14:36 | Wisp |
| 14:36 | Wisp |
| 14:36 | Wisp |
| 14:36 | Wisp |
| 14:36 | Wisp |
| 14:38 | Wisp |
| 14:45 | Ancient Protector |
| 15:07 | Advanced Reinforced Hides |
| 15:37 | Druid of the Claw Master Training |
| 15:39 | Improved Bows |
| 15:52 | Ancient of Lore |
| 16:02 | Wisp |
| 16:03 | Wisp |
| 16:05 | Ancient Protector |
| 16:11 | Wisp |
| 16:15 | Vorpal Blades |
| 16:23 | Chimaera Roost |
| 16:33 | Engineering Upgrade |
| 16:56 | Chimaera Roost |
| 17:08 | Ancient Protector |
| 17:45 | Corrosive Breath |
| 18:11 | Improved Strength of the Wild |
| 18:27 | Chimaera |
| 18:27 | Chimaera |
| 19:27 | Dryad |
| 19:34 | Chimaera |
| 19:34 | Chimaera |
| 19:55 | Hippogryph |
| 19:56 | Hippogryph |
| 19:56 | Hippogryph |
| 19:56 | Hippogryph |
| Select group | 1325 |
| Right click | 822 |
| Select | 741 |
| Misc. action | 227 |
| Assign group | 166 |
| Build/train/purchase | 119 |
| Use ability | 19 |
| Esc | 6 |
| Item give/drop | 4 |
⇛